 Dungeon Crawl Stone Soup version 0.17.0-23-g0de4337 (console) character file.

478 nht the Basher (level 7, 0/67 HPs)
             Began as an Ogre Enchanter on Nov 14, 2015.
             Was an Initiate of the Shining One.
             Succumbed to poison (a potion of poison)
             ... on level 5 of the Dungeon.
             The game lasted 00:10:28 (4063 turns).

nht the Basher (Ogre Enchanter)                     Turns: 4063, Time: 00:10:28

Health: 0/67       AC:  4    Str: 16    XL:     7   Next: 11%
Magic:  19/19      EV: 10    Int: 14    God:    the Shining One [......]
Gold:   267        SH:  0    Dex: 10    Spells: 1 memorised, 9 levels left

rFire  . . .     SeeInvis .     n - +0 whip
rCold  . . .     Clarity  .     b - +1 robe
rNeg   . . .     SustAt   .     (no shield)
rPois  .         Gourm    .     (helmet restricted)
rElec  .         Spirit   .     (no cloak)
rCorr  .         Warding  .     (gloves unavailable)
rMut   .         Stasis   .     (boots unavailable)
MR     .....                    (no amulet)
Stlth  ++........               B - ring of magical power
                                a - ring of invisibility

@: lethally poisoned (0 -> -12), not resistant to hostile enchantments,
unstealthy
A: unfitting armour, tough skin 1
a: Renounce Religion, Evoke Invisibility


You were on level 5 of the Dungeon.
You worshipped the Shining One.
The Shining One was noncommittal.
You were not hungry.

You visited 1 branch of the dungeon, and saw 7 of its levels.

You collected 267 gold pieces.

Inventory:

Hand Weapons
 n - a +0 whip (weapon)
Missiles
 s - 2 tomahawks (quivered)
Armour
 b - a +1 robe (worn)
Jewellery
 a - a ring of invisibility (left hand)
 t - an uncursed ring of sustain attributes
 B - a ring of magical power (right hand)
Wands
 f - a wand of polymorph (11)
 r - a wand of polymorph (13)
Scrolls
 e - a scroll of identify {unknown}
 g - a scroll of teleportation
 j - a scroll of remove curse
 m - a scroll of fog {unknown}
 o - a scroll of magic mapping
 q - a scroll of noise {unknown}
 y - a scroll of enchant weapon {unknown}
 z - a scroll of enchant armour {unknown}
Potions
 i - a potion of invisibility
Books
 c - a book of Maledictions

   Spells                             Type                      Level
   a - Corona                         Hexes                        1
   b - Ensorcelled Hibernation        Hexes/Ice                    2
   c - Confuse                        Hexes                        3
   d - Tukima's Dance                 Hexes                        3
   e - Dazzling Spray                 Conjuration/Hexes            3
Comestibles
 d - 3 bread rations
 h - a beef jerky
 k - 3 meat rations
 p - 3 slices of pizza
 x - 8 chunks of flesh


   Skills:
 - Level 3.1 Fighting
   Level 0.5 Short Blades
 + Level 8.7 Maces & Flails
 - Level 1.7 Dodging
 - Level 2.4 Stealth
 - Level 2.4 Spellcasting
 - Level 2.1 Hexes


You had 9 spell levels left.
You knew the following spells:

 Your Spells              Type           Power        Failure   Level  Hunger
a - Corona                Hex            #......      12%         1    #......


Dungeon Overview and Level Annotations

Branches:
Dungeon (7/15)
 Temple: D:4-7

Altars:
Trog
Vehumet
Xom
Yredelemnul
The Shining One

Annotations:
D:3 1 exclusion, Sigmund


Innate Abilities, Weirdness & Mutations

You are too large for most types of armour.
You have tough skin (AC +1).


Message History

Read which item? (? for menu, Esc to quit)
As you read the scroll of teleportation, it crumbles to dust.
You feel strangely unstable.
* * * LOW HITPOINT WARNING * * *
You feel sick.
The worker ant zombie bites you but does no damage.
The crimson imp barely misses you.
* * * LOW HITPOINT WARNING * * *
You feel sick.
* * * LOW HITPOINT WARNING * * *
You feel sick.
* * * LOW HITPOINT WARNING * * *
You feel sick.
Your surroundings suddenly seem different.
* * * LOW HITPOINT WARNING * * *
You feel sick.
Found a scroll labeled LELAISS QOLESU.
You offer a prayer to the Shining One.
The Shining One is noncommittal.
You die...

█████.?.██.█
█.......█..
█.........██
█..........
█.........████
█............ .
█.........█ ...
███.......█
....██.......@.█
............!..█
....██..████.███
.......>███.█
...█...Z..5.██
█...█.....████
█..███....?..█
█.......█.██..
............█
.........██.....
...$...%.....█.....


You could see a crimson imp.

Vanquished Creatures
  Blork the orc (D:7)
  A giant frog (D:7)
  2 hounds
  Ijyb (D:3)
  A worker ant (D:5)
  A centaur skeleton (D:6)
  Robin (D:2)
  8 adders
  5 oozes
  A worm (D:2)
  2 orcs
  9 hobgoblins
  7 jackals (D:2)
  2 quokkas (D:3)
  2 ball pythons (D:1)
  6 bats
  2 giant cockroaches
  A giant gecko (D:2)
  5 giant newts
  25 goblins
  13 kobolds
  15 rats
111 creatures vanquished.

Notes
Turn   | Place    | Note
--------------------------------------------------------------
     0 | D:1      | nht the Ogre Enchanter began the quest for the Orb.
     0 | D:1      | Reached XP level 1. HP: 16/16 MP: 3/3
    20 | D:1      | Reached skill level 1 in Fighting
    57 | D:1      | Reached XP level 2. HP: 21/29 MP: 5/5
   207 | D:1      | Reached skill level 3 in Fighting
   544 | D:1      | Reached skill level 1 in Maces & Flails
   544 | D:1      | Reached XP level 3. HP: 32/37 MP: 6/6
  1250 | D:2      | Found a basalt altar of Yredelemnul.
  1322 | D:2      | Reached XP level 4. HP: 30/45 MP: 7/7
  1698 | D:2      | Reached skill level 4 in Maces & Flails
  2296 | D:2      | Reached XP level 5. HP: 43/53 MP: 8/8
  2369 | D:2      | Noticed Robin
  2429 | D:2      | Reached skill level 5 in Maces & Flails
  2724 | D:3      | Noticed Ijyb
  2734 | D:3      | Killed Ijyb
  2762 | D:3      | Found a radiant altar of Vehumet.
  2784 | D:3      | Noticed Sigmund
  2815 | D:3      | Reached skill level 6 in Maces & Flails
  2923 | D:3      | Found a shimmering altar of Xom.
  3167 | D:3      | Noticed a moth of wrath
  3170 | D:3      | Found a bloodstained altar of Trog.
  3558 | D:2      | Killed Robin
  3690 | D:4      | Reached XP level 6. HP: 61/61 MP: 9/9
  3691 | D:4      | Found a glowing golden altar of the Shining One.
  3725 | D:4      | Became a worshipper of the Shining One
  3828 | D:4      | Reached skill level 7 in Maces & Flails
  3897 | D:4      | You fall through a shaft for 3 floors!
  3943 | D:6      | Noticed Blork the orc
  3952 | D:7      | Killed Blork the orc
  3952 | D:7      | Reached skill level 8 in Maces & Flails
  3977 | D:6      | Reached XP level 7. HP: 26/67 MP: 10/10
  4034 | D:5      | Entered Level 5 of the Dungeon
  4056 | D:5      | Gained mutation: You have large cloven feet. [potion of mutation]
  4056 | D:5      | Gained mutation: You can spit weak poison. [potion of mutation]
  4056 | D:5      | Gained mutation: You are clumsy. (Dex -2) [potion of mutation]
  4057 | D:5      | Lost mutation: You are clumsy. (Dex -2) [potion of cure mutation]
  4057 | D:5      | Lost mutation: You have large cloven feet. [potion of cure mutation]
  4057 | D:5      | Lost mutation: You can spit weak poison. [potion of cure mutation]
  4060 | D:5      | HP: 3/67 [poison (a potion of poison)]
  4062 | D:5      | HP: 1/67 [poison (a potion of poison)]
  4063 | D:5      | Succumbed to poison (a potion of poison)

Action                   |  1- 3 |  4- 6 |  7- 9 || total
-------------------------+-------+-------+-------++-------
Melee: Dagger            |    87 |       |       ||    87
       Whip              |    65 |   336 |    17 ||   418
  Use: Potion            |       |     7 |     3 ||    10
       Scroll            |       |     4 |     1 ||     5
 Stab: Sleeping          |     2 |     5 |       ||     7
  Eat: Chunk             |     1 |     9 |     1 ||    11
